 Dungeon Crawl Stone Soup version 0.28-a0-881-gae16bb6c82 (webtiles) character file.

Game seed: 7311253885949130621

40 Froggeryz the Sneak (level 3, -2/21 HPs)
             Began as a Gargoyle Enchanter on Nov 21, 2021.
             Slain by Terence (7 damage)
             ... on level 2 of the Dungeon.
             The game lasted 00:02:04 (1525 turns).

Froggeryz the Sneak (Gargoyle Enchanter)            Turns: 1525, Time: 00:02:05

Health: -2/21      AC:  9    Str: 12    XL:     3   Next: 50%
Magic:  6/6        EV:  9    Int: 15    God:
Gold:   36         SH:  0    Dex: 10    Spells: 6/6 levels left

rFire   . . .      SeeInvis .   a - +1 dagger
rCold   . . .      Faith    .   (no shield)
rNeg    + . .      Spirit   .   h - +0 scale mail
rPois   ∞          Reflect  .   (no helmet)
rElec   +          Harm     .   (no cloak)
rCorr   .          Rampage  .   (no gloves)
Will    .....                   (no boots)
Stlth   +.........              (no amulet)
HPRegen 0.07/turn               (no ring)
MPRegen 0.10/turn               (no ring)

@: no status effects
A: sickness immunity, AC +3, negative energy resistance 1, electricity
resistance, torment resistance 1, petrification resistance
a: no special abilities


You were on level 2 of the Dungeon.
You visited 1 branch of the dungeon, and saw 2 of its levels.

You collected 36 gold pieces.

Inventory:

Hand Weapons
 a - a +1 dagger (weapon)
 f - a +0 morningstar
Missiles
 d - 17 sling bullets
 g - 3 curare-tipped darts (quivered)
Armour
 h - a +0 scale mail (worn)
Scrolls
 e - a scroll of fog {unknown}
 i - a scroll of teleportation {unknown}
Potions
 b - a potion of mutation {unknown}
 c - a potion of invisibility


   Skills:
 - Level 2.0 Fighting
 - Level 0.8 Short Blades
 * Level 2.0 Maces & Flails
 + Level 0.5 Armour
 - Level 1.5 Dodging
 - Level 3.2 Stealth
 - Level 2.0 Spellcasting
 - Level 2.6 Hexes


You had 6 spell levels left.
You didn't know any spells.
Your spell library contained the following spells:

 Spells                   Type           Power      Damage    Failure   Level
 Ensorcelled Hibernation  Hex/Ice        10%        N/A       71%         2
 Shock                    Conj/Air       4%         1d3       75%         1
 Confusing Touch          Hex            9%         N/A       75%         3
 Tukima's Dance           Hex            9%         N/A       75%         3
 Dazzling Flash           Conj/Hex       10%        N/A       90%         3
 Swiftness                Air            1%         N/A       98%         3
 Airstrike                Air            0%         N/A       100%        4


Dungeon Overview and Level Annotations

Branches:
Dungeon (2/15)

Altars:

Annotations:
D:2 Terence


Innate Abilities, Weirdness & Mutations

You are immune to sickness and miasma.
Your stone body is resilient. (AC +3)
You are immune to poison.
You resist negative energy. (rN+)
You are resistant to electric shocks. (rElec)
You are resistant to unholy torment.
You are immune to petrification.


Message History

You hit Terence but do no damage. Terence completely misses you.
You closely miss Terence. Terence hits you but does no damage.
Your scale mail prevents you from hitting Terence.
Terence hits you with a +0 flail.
You hit Terence.
Terence is lightly wounded.
Terence barely misses you.
You hit Terence but do no damage.
Terence is lightly wounded.
Terence hits you with a +0 flail.
You hit Terence.
Terence is moderately wounded.
Terence hits you with a +0 flail.
* * * LOW HITPOINT WARNING * * *
You are too injured to fight recklessly!
You are too injured to fight recklessly!
You are too injured to fight recklessly!
You are too injured to fight recklessly!
You are too injured to fight recklessly!
You are too injured to fight recklessly!
You are too injured to fight recklessly!
You are too injured to fight recklessly!
You are too injured to fight recklessly!
You are too injured to fight recklessly!
You are too injured to fight recklessly!
You are too injured to fight recklessly!
Throw: 5 darts (curare)
Press: ? - help, Q - select action Shift-Dir - straight line, f - Terence
Aim: Terence, wielding a +0 flail and wearing a +0 scale mail (moderately wounded, 60% to hit)
You throw a curare-tipped dart.
The curare-tipped dart closely misses Terence.
Terence hits you with a +0 flail.
* * * LOW HITPOINT WARNING * * *
Throw: 4 darts (curare)
Press: ? - help, Q - select action Shift-Dir - straight line, f/p - Terence
Aim: Terence, wielding a +0 flail and wearing a +0 scale mail (moderately wounded, 58% to hit)
You throw a curare-tipped dart.
The curare-tipped dart barely misses Terence.
Terence hits you with a +0 flail!
You die...

### ..# #.# #.#
#.# .###########
#.#
.(..(..@@..####.#
#########......<#
#..###### #..#
#..# #..# #..#
.... ##..


You could see Terence.

Vanquished Creatures
  2 dart slugs (D:1)
  3 bats (D:1)
  An endoplasm (D:1)
  2 giant cockroaches (D:1)
  2 goblins (D:1)
  2 hobgoblins (D:1)
  8 jackals (D:1)
  2 kobolds (D:1)
  2 quokkas (D:1)
  4 ball pythons (D:1)
  A frilled lizard (D:1)
  A rat (D:1)
30 creatures vanquished.

Notes
Turn   | Place    | Note
-------+----------+-------------------------------------------
     0 | D:1      | Froggeryz the Gargoyle Enchanter began the quest for the
                  | Orb.
     0 | D:1      | Reached XP level 1. HP: 10/10 MP: 3/3
    75 | D:1      | Reached skill level 1 in Fighting
   354 | D:1      | Reached XP level 2. HP: 11/16 MP: 5/5
   642 | D:1      | Reached skill level 1 in Maces & Flails
  1037 | D:1      | Reached XP level 3. HP: 18/21 MP: 6/6
  1513 | D:2      | Noticed Terence
  1525 | D:2      | Slain by Terence

Illustrated notes

Levels and vault maps discovered:
D:1:      mrwooster_arrival_statue_3, layout_loops_cross, grunt_decor_one_mirror
D:2:      layout_loops_ring, dreamdust_ecumenical_altar_drowned_temple,
          serial_bayou_pond_a, uniq_terence

Skill      XL: |  1  2  3 |
---------------+----------+-----
Fighting       | 1 2 |  2.0
Maces & Flails | 1 2 |  2.0
Short Blades   | |  0.8
Armour         | |  0.5
Dodging        | |  1.5
Stealth        | |  3.2
Spellcasting   | |  2.0
Hexes          | |  2.6

Action                   || total
-------------------------++-------
Melee: Dagger            ||   164
Throw: Dart              ||     2
 Stab: Sleeping          ||     2
Armor: Robe              ||    25
       Scale mail        ||    71
Dodge: Dodged            ||   100

Table legend: (Time is in decaauts)
 A = Elapsed time spent in this place.
 B = Non-inter-level travel time spent in this place.
 C = Inter-level travel time spent in this place.
 D = Time resting spent in this place.
 E = Time spent auto-exploring this place.
 F = Levels seen in this place.
 G = Mean time per level.
                   A        B        C        D        E       F      G
               +--------+--------+--------+--------+--------+-----+--------+
         Total |   1516 |   1507 |      9 |    234 |    939 |   2 |  758.0 |
       Dungeon |   1516 |   1507 |      9 |    234 |    939 |   2 |  758.0 |
               +--------+--------+--------+--------+--------+-----+--------+

Top non-repeatable levels by time:
     D:1: 1500 daAuts
     D:2: 16 daAuts
